 Dungeon Crawl Stone Soup version 0.26-a0-859-gf57989e088 (webtiles) character file.

Game seed: 6344556320702402988

16 Decritt the Shield-Bearer (level 2, 20/20 HPs)
             Began as a Halfling Fighter on Nov 25, 2020.
             Quit the game on level 1 of the Dungeon.
             The game lasted 00:01:27 (399 turns).

Decritt the Shield-Bearer (Halfling Fighter)         Turns: 399, Time: 00:01:27

Health: 20/20      AC:  3    Str: 17    XL:     2   Next: 75%
Magic:  2/2        EV: 11    Int:  6    God:
Gold:   36         SH:  9    Dex: 13    Spells: 1/1 levels left

rFire    . . .     SeeInvis .   a - +0 rapier
rCold    . . .     Faith    .   c - +0 kite shield
rNeg     . . .     Spirit   .   f - +0 leather armour (curse)
rPois    .         Reflect  .   (no helmet)
rElec    .         Harm     .   (no cloak)
rCorr    .         Rampage  .   (no gloves)
MR       .....                  (no boots)
Stlth    +.........             (no amulet)
HPRegen  0.06/turn              (no ring)
MPRegen  0.08/turn              (no ring)

@: no status effects
A: small, mutation resistance 1
a: no special abilities


You were on level 1 of the Dungeon.
You visited 1 branch of the dungeon, and saw 1 of its levels.

You collected 36 gold pieces.

Inventory:

Hand Weapons
 a - a +0 rapier (weapon)
Armour
 b - a +0 scale mail
 c - a +0 kite shield (worn)
 f - a cursed +0 leather armour (worn)
Scrolls
 e - a scroll of immolation {unknown}
Potions
 d - a potion of might
 g - a potion of haste {unknown}


   Skills:
 + Level 2.8 Fighting
 * Level 3.0 Short Blades
 + Level 3.4 Armour
 + Level 0.8 Dodging
 + Level 3.5 Shields


You had one spell level left.
You didn't know any spells.
Your spell library was empty.

Dungeon Overview and Level Annotations

Branches:
Dungeon (1/15)

Altars:


Innate Abilities, Weirdness & Mutations

You are small and have problems with some larger weapons.
You are somewhat resistant to further mutation.


Message History

A giant cockroach is nearby!
A bat comes into view.
There is a stone staircase leading down here.
You puncture the bat!
You kill the bat!
You see here a bat corpse.
The helpless giant cockroach fails to defend itself.
You puncture the giant cockroach!
You kill the giant cockroach!
Your Short Blades skill increases to level 3!
No target in view!
No target in view!
No target in view!
You open the door.
There is an open door here.
A kobold comes into view. It is wielding a +4 short sword.
The kobold shouts!
The kobold throws a stone.
You block the stone.
You see here a stone.
Are you sure you want to abandon this character and quit the game? (Confirm with "yes".)

## .#####
.....# ######
.....# #.@..#
.....#
#####.#....#
.....#
#.....#..#K#
.....#
#####.#..# ..
.....# #.#..# .
.....# #.#..#
...###
#######'#..#
...#
#..........##
...#
#..............


You could see a kobold.

Vanquished Creatures
  A leopard gecko (D:1)
  2 giant cockroaches (D:1)
  4 goblins (D:1)
  A hobgoblin (D:1)
  3 bats (D:1)
  A kobold (D:1)
  2 rats (D:1)
14 creatures vanquished.

Notes
Turn   | Place    | Note
-------+----------+-------------------------------------------
     0 | D:1      | Decritt the Halfling Fighter began the quest for the Orb.
     0 | D:1      | Reached XP level 1. HP: 15/15 MP: 1/1
   164 | D:1      | Reached XP level 2. HP: 20/20 MP: 2/2
   399 | D:1      | Quit the game

Illustrated notes

Levels and vault maps discovered:
D:1:      minmay_arrival_jagged, layout_basic

Skill      XL: |  1  2 |
---------------+-------+-----
Short Blades   | 3 |  3.0
Fighting       | |  2.8
Armour         | |  3.4
Dodging        | |  0.8
Shields        | |  3.5

Action                   || total
-------------------------++-------
Melee: Rapier            ||    47
 Stab: Sleeping          ||     1
Armor: Scale mail        ||    10
       Leather armour    ||     1
Dodge: Dodged            ||    18
Block: Kite shield       ||    21

Table legend: (Time is in decaauts)
 A = Elapsed time spent in this place.
 B = Non-inter-level travel time spent in this place.
 C = Inter-level travel time spent in this place.
 D = Time resting spent in this place.
 E = Time spent auto-exploring this place.
 F = Levels seen in this place.
 G = Mean time per level.
                   A        B        C        D        E       F      G
               +--------+--------+--------+--------+--------+-----+--------+
         Total |    406 |    406 |      0 |      0 |    268 |   1 |  406.0 |
       Dungeon |    406 |    406 |      0 |      0 |    268 |   1 |  406.0 |
               +--------+--------+--------+--------+--------+-----+--------+

Top non-repeatable levels by time:
     D:1: 406 daAuts
